 Dungeon Crawl Stone Soup version 0.23.1 (webtiles) character file.

Game seed: 472805802045477894

291 Borgoz the Skirmisher (level 6, -7/53 HPs)
             Began as a Ghoul Monk on Mar 15, 2019.
             Mangled by a wight
             ... wielding a +4 flail of freezing
              (12 damage)
             ... on level 4 of the Dungeon.
             The game lasted 00:07:10 (2968 turns).

Borgoz the Skirmisher (Ghoul Monk)                  Turns: 2968, Time: 00:07:11

Health: -7/53      AC:  6    Str: 14 (15) XL:     6   Next: 32%
Magic:  0/5        EV: 17    Int:  4 (5)  God:
Gold:   222        SH:  0    Dex: 18      Spells: 5/5 levels left

rFire    + + .     SeeInvis .   a - +1 dagger (venom)
rCold    . . .     Gourm    .   (no shield)
rNeg     + + +     Faith    .   u - +0 ring mail
rPois    ∞         Spirit   +   (no helmet)
rElec    .         Reflect  .   (no cloak)
rCorr    .         Harm     .   o - +0 pair of gloves
MR       .....                  (no boots)
Stlth    +++.......             r - amulet of guardian spirit
HPRegen  0.00/turn              i - ring of protection from fire
MPRegen  0.09/turn              m - ring of fire

@: agile, rotting
A: rotting body, claws 1, carnivore, cold resistance 1, negative energy
resistance 3, inhibited regeneration, torment resistance, unbreathing
a: no special abilities


You were on level 4 of the Dungeon.
You were not hungry.

You visited 2 branches of the dungeon, and saw 5 of its levels.

You collected 222 gold pieces.

Inventory:

Hand Weapons
 a - a +1 dagger of venom (weapon)
 b - a +2 short sword of venom
Armour
 o - a +0 pair of gloves (worn)
 u - a +0 ring mail (worn)
Jewellery
 i - a ring of protection from fire (left hand)
 m - a ring of fire (right hand)
 r - an amulet of guardian spirit (around neck)
Scrolls
 d - 4 scrolls of remove curse
 f - 3 scrolls of teleportation {unknown}
 g - a scroll of enchant armour {unknown}
 h - 2 scrolls of blinking {unknown}
 k - 2 scrolls of amnesia {unknown}
 n - a scroll of fear
 q - a scroll of magic mapping
 t - a scroll of enchant weapon
 w - a scroll of fog {unknown}
Potions
 s - a potion of brilliance
Comestibles
 c - 12 rations


   Skills:
 + Level 4.4 Fighting
 + Level 3.6 Short Blades
 + Level 2.2 Armour
 + Level 3.6 Dodging
 + Level 3.9 Stealth


You had 5 spell levels left.
You didn't know any spells.
Your spell library was empty.

Dungeon Overview and Level Annotations

Branches:
Dungeon (4/15)             Temple (1/1) D:4

Altars:
Cheibriados
Fedhas
Gozag
Hepliaklqana
Kikubaaqudgha
Makhleb
Nemelex Xobeh
Okawaru
Uskayaw
Vehumet
Wu Jian
Xom
Zin
The Shining One


Innate Abilities, Weirdness & Mutations

Your body is rotting away.
You thrive on raw meat.
You are immune to poison.
You have sharp fingernails.
You are carnivorous and can eat meat at any time.
Your flesh is cold resistant. (rC+)
You are immune to negative energy. (rN+++)
You do not regenerate when monsters are visible.
You are immune to unholy pain and torment.
You can survive without breathing.


Message History

You hit the wight but do no damage.
The wight is lightly damaged.
The wight closely misses you.
You hit the wight but do no damage.
The wight is lightly damaged.
The wight hits you with a +4 flail of freezing!
The wight freezes you.
* * * LOW HITPOINT WARNING * * *
You hit the wight but do no damage.
The wight is lightly damaged.
You hit the wight but do no damage.
The wight is lightly damaged.
The wight hits you with a +4 flail of freezing.
* * * LOW HITPOINT WARNING * * *
The wight freezes you.
* * * LOW HITPOINT WARNING * * *
You barely miss the wight.
The wight is lightly damaged.
The wight hits you with a +4 flail of freezing!
You die...

.........###...............
##........#................
.....#....#.............?..
...#.##.##...................
...#....#....................#
...#...........#.............#
.........###..##z##...#...#..#
..<......#⌠#...#z#....#...#..#
.........###.#.#@##..........#
......#......#...##.........#
#....##..........##.........#
###....................#...##
###.....#.............##...##
#.....##..............##.#..#
.......##......####......#..#
### ......###..##...
#.........####.# ....#.#
....... .............#...


You could see 2 wights.

Vanquished Creatures
  2 wights (D:4)
  An orc priest (D:3)
  A worker ant (D:3)
  Robin (D:3)
  5 adders
  2 worms
  2 dart slugs
  2 leopard geckos
  3 orcs (D:3)
  2 ball pythons
  A giant cockroach (D:1)
  19 goblins
  12 hobgoblins
  9 kobolds
  11 bats
  6 frilled lizards
  12 rats
91 creatures vanquished.

Notes
Turn   | Place    | Note
-------+----------+-------------------------------------------
     0 | D:1      | Borgoz the Ghoul Monk began the quest for the Orb.
     0 | D:1      | Reached XP level 1. HP: 19/19 MP: 0/0
   197 | D:1      | Reached XP level 2. HP: 24/26 MP: 1/1
   507 | D:1      | Reached XP level 3. HP: 29/31 MP: 2/2
   892 | D:1      | Reached skill level 1 in Armour
  1025 | D:2      | Reached XP level 4. HP: 33/40 MP: 3/3
  1316 | D:3      | Reached skill level 4 in Fighting
  1404 | D:2      | Found a glowing golden altar of the Shining One.
  1482 | D:2      | Reached XP level 5. HP: 46/46 MP: 4/4
  1560 | D:2      | Found a snail-covered altar of Cheibriados.
  1560 | D:2      | Found a shimmering altar of Xom.
  1795 | D:2      | Found a burning altar of Makhleb.
  1796 | D:2      | Found a radiant altar of Vehumet.
  1845 | D:3      | Noticed Robin
  1885 | D:3      | Killed Robin
  1920 | D:3      | Found a faded altar of an unknown god.
  2385 | D:4      | Found a staircase to the Ecumenical Temple.
  2413 | Temple   | Entered the Ecumenical Temple
  2920 | D:4      | Reached XP level 6. HP: 15/53 MP: 2/5
  2968 | D:4      | Mangled by a wight

Skill      XL: |  1  2  3  4  5 |
---------------+----------------+-----
Short Blades   | 3 |  3.6
Dodging        | 3 |  3.6
Armour         | 1 2 |  2.2
Stealth        | 3 |  3.9
Fighting       | 4 |  4.4

Action                   |  1- 3 |  4- 6 || total
-------------------------+-------+-------++-------
Melee: Short sword       |    21 |       ||    21
       Dagger            |    94 |   208 ||   302
  Use: Scroll            |       |     8 ||     8
       Potion            |       |    11 ||    11
 Stab: Sleeping          |     7 |     5 ||    12
  Eat: Chunk             |     8 |    19 ||    27
Armor: Robe              |    11 |    10 ||    21
       Ring mail         |       |    43 ||    43
Dodge: Dodged            |    74 |   110 ||   184
